Map: Neon Violet Square LE

Players

Neeb

  • Race: Protoss Protoss
  • Spawn Location: 11:00

ShoWTimE - Winner!

  • Race: Protoss Protoss
  • Spawn Location: 5:00

Event: WCS Leipzig 2018

VOD

Have the link to the VOD?

Description

Time

  • Played on: Jan. 28, 2018, 5:52 a.m.
  • Length: 10:28

All games in this series

Show
View Real Time Build Order
Export as new Build Order

Neeb Protoss 

Build Orders: Phoenix Opening, Mass Phoenix 

Get SALT Encoding   

  12  0:00  Probe  
  13  0:12  Probe  
  14  0:17  Pylon  
  14  0:24  Probe (Chrono Boost)  
  15  0:37  Probe (Chrono Boost)  
  15  0:39  Gateway  
  16  0:45  Probe (Chrono Boost)  
  16  0:47  Assimilator  
  17  0:51  Probe (Chrono Boost)  
  17  0:55  Assimilator  
  18  1:03  Probe (Chrono Boost)  
  19  1:08  Gateway  
  19  1:12  Probe (Chrono Boost)  
  20  1:19  Probe  
  21  1:26  Cybernetics Core  
  21  1:31  Probe  
  22  1:43  Probe  
  23  1:49  Pylon  
  23  2:02  Warp Gate  
  23  2:07  Probe, Stalker, Sentry  
  28  2:16  Pylon  
  28  2:38  Stargate  
  28  2:43  Nexus  
  27  2:51  Stalker  
  29  2:59  Stalker  
  29  3:02  Probe  
  32  3:09  Shield Battery  
  32  3:14  Probe  
  33  3:21  Phoenix (Chrono Boost)  
  35  3:28  Pylon  
  36  3:37  Phoenix  
  37  3:48  Probe  
  38  3:56  Probe  
  38  4:00  Probe  
  40  4:06  Phoenix (Chrono Boost)  
  41  4:10  Probe  
  41  4:13  Probe  
  43  4:22  Probe  
  43  4:24  Phoenix (Chrono Boost)  
  44  4:25  Probe  
  47  4:34  Probe  
  47  4:37  Probe  
  49  4:42  Adept  
  49  4:45  Phoenix (Chrono Boost)  
  53  4:46  Probe  
  53  4:49  Probe  
  55  4:58  Probe  
  55  4:59  Assimilator  
  56  5:01  Probe, Phoenix (Chrono Boost)  
  56  5:04  Assimilator  
  59  5:08  Pylon  
  59  5:10  Probe  
  59  5:13  Probe  
  61  5:20  Pylon  
  61  5:22  Probe  
  61  5:23  Phoenix  
  61  5:27  Probe  
  63  5:34  Probe  
  64  5:36  Fleet Beacon  
  64  5:39  Probe  
  65  5:47  Probe, Phoenix (Chrono Boost)  
  68  5:51  Probe  
  68  5:55  Pylon  
  69  5:59  Probe  
  69  6:04  Phoenix (Chrono Boost)  
  70  6:05  Probe  
  70  6:11  Probe  
  74  6:14  Pylon, Anion Pulse-Crystals (Chrono Boost)  
  74  6:22  Stargate  
  74  6:29  Pylon  
  74  6:32  Phoenix (Chrono Boost)  
  76  6:38  Nexus  
  76  6:42  Pylon  
  76  6:47  Probe x2  
  76  6:52  Pylon  
  76  6:53  Phoenix (Chrono Boost)  
  80  6:58  Assimilator  
  80  6:59  Probe x2  
  82  7:01  Assimilator  
  82  7:11  Probe  
  82  7:12  Probe  
  82  7:13  Phoenix (Chrono Boost)  
  78  7:19  Probe  
  78  7:21  Stargate  
  76  7:25  Probe  
  76  7:26  Phoenix (Chrono Boost)  
  76  7:27  Probe  
  78  7:32  Phoenix (Chrono Boost)  
  78  7:35  Phoenix (Chrono Boost)  
  81  7:37  Probe  
  81  7:38  Probe  
  81  7:44  Phoenix  
  85  7:47  Nexus  
  85  7:51  Probe  
  85  7:52  Probe  
  85  7:58  Phoenix (Chrono Boost), Pylon  
  89  8:03  Probe  
  89  8:04  Probe  
  89  8:05  Phoenix (Chrono Boost)  
  93  8:07  Probe  
  93  8:10  Phoenix (Chrono Boost)  
  96  8:16  Probe  
  96  8:17  Stargate  
  97  8:22  Protoss Air Weapons Level 1  
  97  8:24  Probe, Phoenix (Chrono Boost)  
  97  8:25  Probe  
  101  8:38  Assimilator, Phoenix (Chrono Boost)  
  105  8:43  Assimilator  
  105  8:44  Phoenix (Chrono Boost)  
  107  9:01  Nexus  
  107  9:02  Phoenix (Chrono Boost)  
  109  9:03  Phoenix (Chrono Boost)  
  109  9:07  Phoenix (Chrono Boost)  
  113  9:16  Phoenix (Chrono Boost)  
  113  9:17  Phoenix (Chrono Boost), Pylon  
  113  9:18  Pylon  
  113  9:19  Probe  
  113  9:20  Probe  
  113  9:22  Probe  
  118  9:25  Probe  
  118  9:28  Phoenix (Chrono Boost)  
  115  9:37  Phoenix (Chrono Boost)  
  101  9:40  Probe  
  101  9:41  Phoenix (Chrono Boost)  
  105  9:47  Assimilator  
  105  9:49  Phoenix (Chrono Boost)  
  105  9:52  Assimilator  
  106  9:53  Phoenix (Chrono Boost)  
  106  9:56  Probe  
  106  9:57  Phoenix (Chrono Boost)  
  106  9:59  Phoenix  
  109  10:01  Stargate  
  109  10:06  Stalker  
  107  10:14  Stalker  
Show
View Real Time Build Order
Export as new Build Order

ShoWTimE Protoss - Winner!

Build Orders: Phoenix Opening, Mass Phoenix 

Get SALT Encoding   

  12  0:00  Probe  
  13  0:12  Probe  
  14  0:19  Pylon  
  14  0:24  Probe (Chrono Boost)  
  15  0:37  Probe (Chrono Boost)  
  15  0:39  Gateway  
  16  0:46  Probe (Chrono Boost), Assimilator  
  17  0:51  Probe (Chrono Boost)  
  17  0:55  Assimilator  
  18  1:03  Probe (Chrono Boost)  
  19  1:09  Gateway  
  19  1:12  Probe (Chrono Boost)  
  20  1:18  Probe  
  21  1:26  Cybernetics Core  
  21  1:30  Probe  
  22  1:35  Pylon  
  22  1:42  Probe  
  23  1:54  Probe  
  24  2:02  Stalker  
  24  2:03  Sentry  
  24  2:05  Warp Gate  
  28  2:16  Pylon  
  28  2:27  Pylon  
  28  2:37  Stargate  
  28  2:42  Adept x2  
  32  2:55  Nexus  
  32  2:58  Probe  
  33  3:05  Shield Battery  
  33  3:10  Probe  
  34  3:15  Phoenix (Chrono Boost)  
  34  3:20  Phoenix (Chrono Boost)  
  34  3:22  Probe  
  37  3:27  Pylon  
  37  3:34  Probe  
  38  3:45  Phoenix  
  38  3:46  Probe  
  41  3:58  Probe  
  40  4:08  Probe (Chrono Boost)  
  39  4:10  Phoenix  
  39  4:11  Probe (Chrono Boost)  
  42  4:20  Probe (Chrono Boost)  
  42  4:22  Probe (Chrono Boost), Robotics Facility  
  44  4:25  Probe (Chrono Boost)  
  44  4:29  Probe (Chrono Boost)  
  46  4:35  Probe (Chrono Boost), Phoenix  
  46  4:37  Assimilator  
  49  4:44  Assimilator  
  51  4:46  Probe x2 (Chrono Boost)  
  51  4:50  Probe (Chrono Boost)  
  51  4:52  Probe  
  53  5:00  Phoenix, Stargate  
  53  5:01  Probe (Chrono Boost)  
  53  5:06  Pylon  
  53  5:07  Probe (Chrono Boost)  
  57  5:10  Observer  
  57  5:13  Probe (Chrono Boost)  
  60  5:21  Probe x2 (Chrono Boost)  
  60  5:24  Phoenix  
  60  5:25  Phoenix  
  60  5:27  Probe  
  62  5:29  Probe  
  62  5:31  Observer  
  62  5:32  Pylon  
  65  5:40  Nexus  
  65  5:42  Probe  
  66  5:43  Probe  
  67  5:50  Phoenix  
  67  5:54  Phoenix  
  67  5:55  Probe  
  67  5:56  Probe  
  73  6:03  Pylon  
  73  6:07  Probe  
  75  6:15  Phoenix  
  76  6:19  Probe  
  76  6:20  Fleet Beacon  
  76  6:21  Probe  
  76  6:25  Phoenix  
  80  6:32  Probe, Stalker  
  83  6:33  Probe  
  83  6:39  Shield Battery  
  84  6:41  Shield Battery  
  84  6:44  Probe  
  84  6:45  Probe  
  84  6:46  Shield Battery  
  86  6:52  Phoenix (Chrono Boost)  
  88  6:55  Phoenix (Chrono Boost)  
  88  6:56  Probe  
  88  6:59  Assimilator  
  91  7:04  Assimilator  
  91  7:05  Anion Pulse-Crystals (Chrono Boost)  
  91  7:09  Phoenix (Chrono Boost)  
  91  7:11  Probe x2  
  89  7:17  Phoenix  
  89  7:21  Probe  
  90  7:23  Probe  
  91  7:35  Pylon  
  91  7:38  Stargate  
  91  7:42  Phoenix  
  93  7:44  Phoenix  
  95  7:58  Nexus  
  95  8:02  Pylon  
  95  8:06  Probe x2  
  95  8:07  Probe, Assimilator, Phoenix (Chrono Boost)  
  95  8:09  Phoenix (Chrono Boost)  
  95  8:10  Pylon  
  95  8:11  Assimilator  
  102  8:21  Probe x2, Phoenix (Chrono Boost)  
  102  8:22  Probe  
  102  8:26  Stargate  
  107  8:28  Pylon  
  107  8:29  Phoenix (Chrono Boost)  
  107  8:30  Phoenix (Chrono Boost)  
  111  8:37  Phoenix (Chrono Boost)  
  113  8:47  Phoenix (Chrono Boost)  
  115  8:49  Phoenix (Chrono Boost)  
  117  8:59  Phoenix (Chrono Boost)  
  119  9:04  Phoenix (Chrono Boost)  
  119  9:06  Phoenix (Chrono Boost)  
  119  9:09  Phoenix  
  125  9:13  Pylon  
  125  9:17  Phoenix  
  127  9:29  Phoenix (Chrono Boost)  
  123  9:31  Phoenix (Chrono Boost)  
  113  9:42  Phoenix (Chrono Boost)  
  113  9:49  Phoenix (Chrono Boost)  
  113  9:50  Phoenix (Chrono Boost)  
  117  9:54  Phoenix (Chrono Boost)  
  117  9:55  Nexus  
  117  9:56  Pylon  
  117  9:59  Phoenix  
Tags
 
Add a new tag
Caveats
  • Supply blocks, unpowered buildings, or Contaminate may cause inaccurate times.
  • Supply counts are checked every 10 seconds.